 Dungeon Crawl Stone Soup version 0.25-a0-700-g7f8a7979f0 (webtiles) character file.

Game seed: 15292151855718129630, levelgen mode: deterministic

153 kae the Ruffian (level 5, -1/40 HPs)
             Began as a Draconian Transmuter on Apr 2, 2020.
             Slain by an adder (3 damage)
             ... on level 3 of the Dungeon.
             The game lasted 00:02:26 (2594 turns).

kae the Ruffian (Draconian Transmuter)              Turns: 2594, Time: 00:02:27

Health: -1/40      AC:  5    Str: 12 (14) XL:     5   Next: 12%
Magic:  0/9        EV: 12    Int: 14 (15) God:
Gold:   99         SH:  0    Dex:  7 (10) Spells: 3/9 levels left

rFire    . . .     SeeInvis .     - Unarmed
rCold    . . .     Gourm    .   (no shield)
rNeg     . . .     Faith    .   (armour unavailable)
rPois    +         Spirit   +   (helmet restricted)
rElec    .         Reflect  .   (no cloak)
rCorr    .         Harm     .   (no gloves)
MR       .....                  (no boots)
Stlth    +.........             g - amulet of guardian spirit
HPRegen  0.13/turn              b - -3 ring of dexterity (curse)
MPRegen  0.11/turn              d - ring of wizardry

@: lethally poisoned (-1 -> -2), stab, flying
A: unfitting armour, agile 1, poison resistance, strong 1, cold-blooded, subdued
magic 1, AC +5
a: no special abilities


You were on level 3 of the Dungeon.
You were not hungry.

You visited 1 branch of the dungeon, and saw 3 of its levels.

You collected 99 gold pieces.

Inventory:

Missiles
 a - 27 arrows
Jewellery
 b - a cursed -3 ring of dexterity (left hand)
 d - a ring of wizardry (right hand)
 g - an amulet of guardian spirit (around neck)
Wands
 k - a wand of scattershot (4)
Comestibles
 c - 7 rations
 i - 2 chunks of flesh


   Skills:
 - Level 1.1 Fighting
 - Level 1.7 Dodging
 * Level 4.7 Unarmed Combat
 + Level 2.9 Spellcasting
 + Level 3.1 Transmutations


You had 3 spell levels left.
You knew the following spells:

 Your Spells              Type           Power        Failure   Level  Hunger
a - Beastly Appendage     Tmut           #.....       1%          1    #......
b - Sticks to Snakes      Tmut           #.......     2%          2    ##.....
c - Spider Form           Tmut/Pois      #.........   12%         3    ###....

Your spell library contained the following spells:

 Spells                   Type           Power        Failure   Level  Hunger
 Ice Form                 Ice/Tmut       #.......     38%         4    #####..
 Blade Hands              Tmut           #.........   50%         5    ######.


Dungeon Overview and Level Annotations

Branches:
Dungeon (3/15)

Altars:
Trog

Annotations:
D:3 Ijyb, Sigmund


Innate Abilities, Weirdness & Mutations

Your plain brown scales are hard. (AC +5)
You cannot fit into any form of body armour.
You are cold-blooded and may be slowed by cold attacks.
You are agile. (Dex +2)
Your system is resistant to poisons. (rPois)
Your muscles are strong. (Str +2)
Your spells are a little easier to cast, but a little less powerful.


Message History

* * * LOW HITPOINT WARNING * * *
Your ball python closely misses the adder.
Your ball python grabs the adder.
Your ball python constricts the adder.
The adder struggles to escape constriction.
Your ball python bites the adder.
Your ball python constricts the adder.
* * * LOW HITPOINT WARNING * * *
You feel sick.
The adder struggles to escape constriction.
Your ball python barely misses the adder.
Your ball python constricts the adder.
The adder escapes!
Your ball python closely misses the adder.
Your ball python barely misses the adder.
You closely miss the adder.
Your tail-slap misses the adder.
The adder is severely wounded.
The adder bites you but does no damage.
You barely miss the adder.
The adder is severely wounded.
* * * LOW HITPOINT WARNING * * *
You feel sick. The adder bites you.
You die...

#######...............
#####.###........
#................
#.......†).......
#........)..........
#......÷.##.....#...
#...<÷....#####....
#.........# ##..#
#.......@.## .?..#
#.........S.##....#
#.#########S......#..
... ##........... #..
#............ ##
#...†.)......
#............
#...........)
#.......(.....


You could see an adder and a friendly ball python.

Vanquished Creatures
  A bullfrog zombie (D:3)
  3 adders
  An ooze (D:1)
  5 worms (D:2)
  A dart slug (D:1)
  2 leopard geckos (D:1)
  An orc (D:3)
  8 bats
  2 giant cockroaches
  6 goblins
  4 hobgoblins
  6 jackals
  8 frilled lizards
  17 kobolds
  6 rats
71 creatures vanquished.

Vanquished Creatures (collateral kills)
  A frilled lizard (D:3)
1 creature vanquished.

Grand Total: 72 creatures vanquished

Notes
Turn   | Place    | Note
-------+----------+-------------------------------------------
     0 | D:1      | kae the Draconian Transmuter began the quest for the Orb.
     0 | D:1      | Reached XP level 1. HP: 16/16 MP: 3/3
   117 | D:1      | Reached XP level 2. HP: 23/23 MP: 3/5
   216 | D:1      | HP: 1/23 [kobold (1)]
   722 | D:1      | Reached XP level 3. HP: 28/28 MP: 4/6
   736 | D:1      | Learned a level 2 spell: Sticks to Snakes
   753 | D:1      | Learned a level 3 spell: Spider Form
  1307 | D:2      | Reached skill level 4 in Unarmed Combat
  1365 | D:2      | Reached XP level 4. HP: 31/35 MP: 0/7
  1985 | D:2      | Noticed a moth of wrath
  1988 | D:2      | Found a bloodstained altar of Trog.
  2355 | D:3      | Noticed Sigmund
  2356 | D:3      | Noticed Ijyb
  2576 | D:3      | Reached XP level 5. HP: 16/40 MP: 1/9
  2588 | D:3      | Gained mutation: You are agile. (Dex +2) [potion of
                  | mutation]
  2588 | D:3      | Gained mutation: Your spells are a little easier to cast,
                  | but a little less powerful. [potion of mutation]
  2588 | D:3      | Gained mutation: Your system is resistant to poisons.
                  | (rPois) [potion of mutation]
  2588 | D:3      | Gained mutation: Your muscles are strong. (Str +2) [potion
                  | of mutation]
  2590 | D:3      | HP: 2/40 [poisoned by an adder]
  2594 | D:3      | Slain by an adder

Levels and vault maps discovered:
D:1:      saegor_arrival_simple_c, layout_loops_corners,
          kennysheep_small_spiral, minmay_tromino_mix6
D:2:      wander_river, layout_loops_ring, tgw_trog,
          ebering_dispersal_statue_hall
D:3:      layout_rooms, chequers_ecumenical_altar_simple, uniq_sigmund,
          uniq_ijyb

Skill      XL: |  1  2  3  4 |
---------------+-------------+-----
Unarmed Combat | 4 |  4.7
Transmutations | 3 |  3.1
Fighting       | |  1.1
Dodging        | |  1.7
Spellcasting   | |  2.9

Action                   |  1- 3 |  4- 6 || total
-------------------------+-------+-------++-------
Melee: Unarmed           |   116 |   102 ||   218
       Kick              |     5 |     1 ||     6
       Tailslap          |     5 |     9 ||    14
       Headbutt          |     4 |     1 ||     5
 Cast: Beastly Appendage |    16 |     5 ||    21
       Spider Form       |     2 |     8 ||    10
       Sticks to Snakes  |     1 |     1 ||     2
  Use: Scroll            |       |     5 ||     5
       Potion            |       |     6 ||     6
  Eat: Chunk             |     2 |     6 ||     8
Armor: Skin              |    31 |    35 ||    66
Dodge: Dodged            |    84 |   122 ||   206

Table legend:
 A = Non-vault XP
 B = Vault XP
 C = Vault XP percentage of total XP
 D = Non-vault monster count
 E = Vault monster count
 F = Vault count percentage of total count
                 A         B        C        D         E       F
            +---------+---------+-------+---------+---------+-------
      Total |     195 |      24 |  11.0 |      63 |       9 |  12.5
            +---------+---------+-------+---------+---------+-------
        D:1 |      48 |       7 |  12.7 |      24 |       4 |  14.3
        D:2 |      62 |      17 |  21.5 |      22 |       5 |  18.5
        D:3 |      85 |       0 |   0.0 |      17 |       0 |   0.0
            +---------+---------+-------+---------+---------+-------
